 Dungeon Crawl Stone Soup version 0.30-a0-723-gc1506a1cf0 (webtiles) character file.

Game seed: 585877531391318073

56187 Newt the Carver (level 14, -3/115 HPs)
             Began as a Demonspawn Gladiator on Jan 28, 2023.
             Was an Initiate of Gozag.
             Slain by a cane toad (9 damage)
             ... on level 4 of the Lair of Beasts.
             The game lasted 00:20:36 (18421 turns).

Newt the Carver (Demonspawn Gladiator)             Turns: 18421, Time: 00:20:37

Health: -3/115     AC: 41    Str: 19    XL:     14   Next: 41%
Magic:  14/14      EV:  4    Int: 11    God:    Gozag
Gold:   2279       SH: 23    Dex: 20    Spells: 13/13 levels left

rFire   + + .      SeeInvis .    y - +10 long sword of Ignis's Benevolence {pain, rF+ rC+ rN+ Dex-3}
rCold   + + +      Faith    .    f - +5 tower shield {rF+}
rNeg    + . .      Spirit   .    C - +9 plate armour "Waucounn" {Dex+3}
rPois   .          Reflect  .    X - +0 helmet "Sinkoc" {Drain rC++ Dex+6}
rElec   .          Harm     .    O - +2 cloak {Will+}
rCorr   .          Rampage  .    T - +0 pair of gloves
Will    ++...                    x - +0 pair of boots Stlth
                                 (no amulet)
HPRegen 0.39/turn                l - ring of the Tortoise {AC+8}
MPRegen 0.14/turn                H - +4 ring of slaying

@: gold aura
A: demonic guardian 2, sharp scales 3, weakness stinger 2, fangs 1, no potion
heal 1
a: Renounce Religion, Potion Petition, Call Merchant, Bribe Branch


You were on level 4 of the Lair of Beasts.
You worshipped Gozag.
Gozag was most pleased with you.
You visited 2 branches of the dungeon, and saw 16 of its levels.
You also visited: Gauntlet.

You collected 4714 gold pieces.
You spent 1874 gold pieces at shops.
You paid 561 gold pieces to Gozag.

Inventory:

Hand Weapons
 t - the +8 whip "Zupsink" {heavy, rN++ Int+2}
   (You found it on level 5 of the Dungeon)

   Int:       It affects your intelligence (+2).
   rN:        It greatly protects you from negative energy.
 y - the +10 long sword of Ignis's Benevolence (weapon) {pain, rF+ rC+ rN+ Dex-3}
   (You found it on level 7 of the Dungeon)

   Dex:       It affects your dexterity (-3).
   rF:        It protects you from fire.
   rC:        It protects you from cold.
   rN:        It protects you from negative energy.
 G - the +7 mace of Ipockiyj {venom, Will+ rCorr}
   (You bought it in a shop on level 4 of the Dungeon)

   rCorr:     It protects you from acid and corrosion.
   Will:      It increases your willpower.
Missiles
 d - 3 throwing nets (quivered)
 e - 13 javelins
 g - 9 silver javelins
 r - 30 poisoned darts
Armour
 b - a +0 leather armour
 c - a +1 leather armour of poison resistance
 f - a +5 tower shield of fire resistance (worn)
 p - a +2 chain mail of fire resistance
 x - a +0 pair of boots (worn)
 C - the +9 plate armour "Waucounn" (worn) {Dex+3}
   (You bought it in a shop on level 11 of the Dungeon)

   Dex:       It affects your dexterity (+3).
 O - a +2 cloak of willpower (worn)
 R - a +2 kite shield
 T - a +0 pair of gloves (worn)
 X - the +0 helmet "Sinkoc" (worn) {Drain rC++ Dex+6}
   (You found it in a Gauntlet)

   Dex:       It affects your dexterity (+6).
   rC:        It greatly protects you from cold.
   Drain:     It drains your maximum health when unequipped.
 Z - the +1 chain mail "Bex Coxo" {Rampage +Blink Str+4 Slay-2}
   (You took it off a minotaur in a Gauntlet)

   Str:       It affects your strength (+4).
   Slay:      It affects your accuracy & damage with ranged weapons and melee
   (-2).
   +Blink:    It lets you blink.
   Rampage:   It bestows one free step when moving towards enemies.
Jewellery
 j - the ring "Syankoeth" {MP+9 Str+3 Dex+3}
   (You found it in a Gauntlet)

   [ring of magical power]

   Str:       It affects your strength (+3).
   Dex:       It affects your dexterity (+3).
   MP:        It affects your magic capacity (+9).
 l - the ring of the Tortoise (left hand) {AC+8}
   (You found it in a Gauntlet)

   [ring of protection]

   AC:        It affects your AC (+8).
 B - a ring of wizardry
 H - a +4 ring of slaying (right hand)
 I - a ring of poison resistance
 P - the ring "Yshrol" {rElec rN+ Str+2}
   (You found it on level 4 of the Lair of Beasts)

   [ring of positive energy]

   Str:       It affects your strength (+2).
   rElec:     It insulates you from electricity.
   rN:        It protects you from negative energy.
 W - a ring of resist corrosion
 Y - a ring of positive energy
Wands
 E - a wand of charming (12)
 J - a wand of mindburst (14)
 L - a wand of roots (2)
 N - a wand of acid (2)
 Q - a wand of digging (4)
 S - a wand of polymorph (8)
Scrolls
 a - a scroll of enchant weapon
 h - a scroll of butterflies
 o - 9 scrolls of teleportation
 q - a scroll of identify
 u - a scroll of blinking
 D - 3 scrolls of fear
 K - 2 scrolls of magic mapping
 M - 4 scrolls of amnesia
 V - a scroll of fog
Potions
 i - 6 potions of heal wounds
 k - 6 potions of curing
 m - 3 potions of ambrosia
 n - 5 potions of flight
 v - a potion of cancellation
 w - a potion of might
 z - 3 potions of attraction
 A - 4 potions of brilliance
 F - a potion of invisibility
 U - 3 potions of magic
Miscellaneous
 s - a phial of floods (inert)


   Skills:
 - Level 12.0 Fighting
 - Level 2.6(9.4) Short Blades
 - Level 13.8(14.0) Long Blades
 - Level 1.7 Throwing
 - Level 9.0 Armour
 - Level 2.6 Dodging
 - Level 2.0 Stealth
 - Level 10.0 Shields
 + Level 7.9 Necromancy
 - Level 6.0 Evocations


You had 13 spell levels left.
You didn't know any spells.
Your spell library contained the following spells:

 Spells                   Type           Power      Damage    Failure   Level
 Magic Dart               Conj           0%         1d3       100%        1
 Searing Ray              Conj           0%         2d4       100%        2
 Ignite Poison            Fire/Tmut/Pois 0%         N/A       100%        3
 Airstrike                Air            0%         2d(0-16)  100%        4
 Fulminant Prism          Conj/Hex       0%         3d5       100%        4
 Sticky Flame             Conj/Fire      0%         2d3       100%        4
 Summon Lightning Spire   Summ/Air       0%         N/A       100%        4
 Freezing Cloud           Conj/Ice/Air   0%         6-21      100%        5
 Lightning Bolt           Conj/Air       0%         1d11      100%        5
 Borgnjor's Revivificati  Necr           8%         N/A       100%        8
 Ignition                 Fire           0%         3d3       100%        8
 Necromutation            Tmut/Necr      4%         N/A       100%        8
 Death's Door             Necr           8%         N/A       100%        9
 Polar Vortex             Ice            0%         N/A       100%        9
 Simulacrum               Ice/Necr       Unusable   N/A       N/A         6

Dungeon Overview and Level Annotations

Branches:
Dungeon (12/15)            Temple (0/1) D:4            Lair (4/5) D:11
  Swamp (0/4) Lair:2        Snake (0/4) Lair:2          Orc (0/2) D:9
Gauntlet (visited)
  Slime: Lair:4-5

Altars:
Ashenzari
Cheibriados
Gozag
Makhleb
Ru
Sif Muna
Uskayaw
Vehumet
Xom

Shops:
D:4 (   D:5 !   D:6 ?   D:11 [


Innate Abilities, Weirdness & Mutations

A demonic guardian rushes to your aid.
You are completely covered in razor-sharp scales. (AC +3, Slay +3)
You have a tail ending in a sharp stinger.
You have very sharp teeth.
Potions are less effective at restoring your health.


Message History

You block the killer bee's attack. x2
The water moccasin bites you but does no damage.
You block the killer bee's attack.
The killer bee stings you but does no damage.
The water moccasin bites you but does no damage.
The killer bee attacks as you move away!
You block the killer bee's attack.
The water moccasin attacks as you move away!
The water moccasin barely misses you.
The killer bee attacks as you move away!
The killer bee stings you but does no damage.
You feel sick. You block the cane toad's attack.
You barely miss the killer bee.
The killer bee is almost dead.
You feel sick. You block the killer bee's attack.
You block the cane toad's attack.
The killer bee stings you but does no damage.
The meliai is distracted by your dazzling golden aura.
The cane toad stings you!
* * * LOW HITPOINT WARNING * * *
A demonic guardian appears!
You are lethally poisoned!
The cane toad poisons you! The cane toad barely misses you.
Your system partially rejects the healing.
You feel better.
The meliai is no longer distracted by gold.
Your sixfirhy hits the water moccasin!
Your sixfirhy shocks the water moccasin!
The killer bee is distracted by your dazzling golden aura.
The killer bee stings you but does no damage.
Your sixfirhy hits the water moccasin!
The water moccasin dies!
You block the cane toad's attack.
Your sixfirhy hits the killer bee.
The killer bee dies!
The meliai mumbles some strange prayers to its god against you.
Something smites you!
* * * LOW HITPOINT WARNING * * *
The cane toad stings you!
You die...
Your body crumbles into a pile of gold.

..#.....y..#...........#
..##...F#.##............
.......yyll........>.... ....#
.......yyl.............. ......
...........S.##yHY...... .....#
.............##yly.....## ##....#
..P....#P...###yyl......###P.....
......###....###FFl.....#.#P.....
.##..####....# #@$.#.............
.##..........###.$3..............
..#.........#..#................>
.##....................}.........
.#.................#.............
..#..#...........................
.....###.#.#####...#.............
..P...###...##...................
......##.#.........P.............


You could see an elephant, a manticore, a komodo dragon, 2 cane toads, 2
basilisks, 2 meliai, 3 killer bees and a friendly sixfirhy (summoned).

Vanquished Creatures
  Gastronok (Lair:3)
  Kirke (Lair:3)
  Azrael (D:12)
  A minotaur (Gauntlet)
  2 fire dragons
  An ice dragon (D:11)
  Harold (Lair:1)
  A catoblepas (Lair:1)
  2 ogre magi (D:11)
  3 hydras
  Erica (D:8)
  3 boulder beetles (D:11)
  3 two-headed ogres
  A tengu warrior (D:11)
  Urug (Lair:3)
  Nergalle (D:12)
  Sonja (Lair:3)
  A fire crab (Gauntlet)
  Amaemon (D:8)
  A death drake (Gauntlet)
  A flayed ghost (D:11)
  Pikel (D:6)
  2 deep elf pyromancers (D:11)
  2 manticores (D:12)
  5 cyclopes
  An ugly thing (D:12)
  7 elephants
  Maurice (D:8)
  A black mamba (Lair:3)
  An orange demon (D:8)
  A torpor snail (Lair:1)
  A centaur zombie (Gauntlet)
  3 gargoyles
  7 cane toads
  A rime drake (Lair:2)
  An unseen horror (D:8)
  2 kobold demonologists
  A tengu conjurer (D:11)
  2 komodo dragons
  2 tyrant leeches (Lair:2)
  5 trolls
  11 blink frogs
  10 shadows
  2 vampires (D:11)
  A wyvern (Lair:4)
  A wraith (D:12)
  A ynoxinul (Gauntlet)
  43 yaks
  4 fire bats (Gauntlet)
  2 basilisks (D:11)
  5 fire elementals (D:12)
  A hog (Lair:3)
  A neqoxec (Gauntlet)
  3 steam dragons
  3 vampire mosquitoes (D:11)
  3 chaos spawn (Gauntlet)
  Menkaure (D:7)
  A naga (Lair:2)
  3 swamp worms (Lair:2)
  5 acid dragons
  12 water moccasins
  4 hell hounds
  An orc warrior (D:9)
  4 black bears
  4 ice beasts
  5 wolves (Lair:3)
  A centaur (D:9)
  An ogre (D:6)
  2 phantoms
  A necrophage (D:5)
  Blork the orc (D:4)
  A kobold brigand (D:9)
  10 bullfrogs
  3 gnoll sergeants
  4 scorpions
  3 wights (D:7)
  17 killer bees
  3 electric eels (Lair:1)
  7 howler monkeys
  A jelly (D:6)
  8 orc priests
  A gnoll bouda (D:8)
  3 iron imps (Gauntlet)
  3 iguanas
  11 orc wizards
  7 adders
  12 gnolls
  A shadow imp (D:7)
  A white imp (D:6)
  An ufetubus (D:5)
  2 worms (D:4)
  5 dart slugs
  40 orcs
  5 ball pythons
  3 bats
  8 endoplasms
  6 goblins
  8 hobgoblins
  5 jackals
  2 quokkas
  2 frilled lizards (D:3)
  7 kobolds
  5 rats
408 creatures vanquished.

Vanquished Creatures (collateral kills)
  2 centaur zombies (Gauntlet)
  A cane toad (Lair:4)
  A meliai (Lair:4)
  2 blink frogs (Lair:4)
  A fire elemental (D:12)
  4 yaks
  A vampire mosquito (D:11)
  A water moccasin (Lair:4)
  An orc warrior (D:12)
  A wolf (Lair:4)
  A killer bee (Lair:4)
  An orc wizard (D:12)
  An orc (D:12)
18 creatures vanquished.

Vanquished Creatures (others)
  An unseen horror (D:11)
  3 humans (Lair:3)
  A bullfrog (Lair:3)
  A bush (Lair:3)
  10 fungi
  21 plants
37 creatures vanquished.

Grand Total: 463 creatures vanquished

Notes
Turn   | Place    | Note
-------+----------+-------------------------------------------
     0 | D:1      | Newt the Demonspawn Gladiator began the quest for the Orb.
     0 | D:1      | Reached XP level 1. HP: 16/16 MP: 1/1
    73 | D:1      | Reached skill level 1 in Stealth
   245 | D:1      | Gained mutation: You are partially covered in razor-sharp
                  | scales. (AC +1, Slay +1) [demonic ancestry]
   245 | D:1      | Reached XP level 2. HP: 22/22 MP: 2/2
   785 | D:1      | Reached XP level 3. HP: 28/28 MP: 3/3
  1391 | D:2      | Found an opulent altar of Gozag.
  1430 | D:2      | Became a worshipper of Gozag Ym Sagoz the Greedy
  1757 | D:2      | Reached XP level 4. HP: 27/37 MP: 4/4
  2367 | D:3      | Found a hide-covered altar of Uskayaw.
  2536 | D:3      | Found a radiant altar of Vehumet.
  2852 | D:4      | Reached skill level 1 in Armour
  2982 | D:4      | You fall into a shaft and drop 3 floors!
  3000 | D:7      | Gained mutation: You have a small tail. [demonic ancestry]
  3000 | D:7      | Reached XP level 5. HP: 42/42 MP: 5/5
  3335 | D:7      | Identified the +10 long sword of Ignis's Benevolence {pain,
                  | rF+ rC+ rN+ Dex-3}
  3363 | D:7      | Noticed an ice beast
  3375 | D:7      | Reached skill level 1 in Long Blades
  3378 | D:7      | Reached skill level 2 in Long Blades
  3378 | D:7      | Gained mutation: You are mostly covered in razor-sharp
                  | scales. (AC +2, Slay +2) [demonic ancestry]
  3378 | D:7      | Reached XP level 6. HP: 48/48 MP: 6/6
  3391 | D:7      | Killed an ice beast
  3392 | D:7      | Reached skill level 3 in Long Blades
  3425 | D:6      | Noticed an acid dragon
  3430 | D:6      | Reached skill level 4 in Long Blades
  3430 | D:6      | Gained mutation: You have a tail ending in a sharp stinger.
                  | [demonic ancestry]
  3430 | D:6      | Reached XP level 7. HP: 53/54 MP: 7/7
  3443 | D:6      | Reached skill level 5 in Long Blades
  3515 | D:6      | Reached skill level 1 in Necromancy
  3604 | D:5      | Entered Level 5 of the Dungeon
  3628 | D:5      | Identified the +8 whip "Zupsink" {heavy, rN++ Int+2}
  3782 | D:5      | Reached XP level 8. HP: 52/60 MP: 8/8
  4038 | D:5      | Found Bec Zek's Distillery.
  4041 | D:5      | Bought a potion of heal wounds for 70 gold pieces
  4229 | D:4      | Noticed Blork the orc
  4236 | D:4      | Killed Blork the orc
  4237 | D:4      | Reached skill level 5 in Necromancy
  4321 | D:4      | Found Ikoo's Antique Weapon Shop.
  4330 | D:4      | Bought a brightly glowing mace for 232 gold pieces
  4330 | D:4      | Identified the +7 mace of Ipockiyj {venom, Will+ rCorr}
                  | (You bought it in a shop on level 4 of the Dungeon)
  4703 | D:4      | Found a staircase to the Ecumenical Temple.
  5007 | D:6      | Reached skill level 5 in Fighting
  5056 | D:6      | Noticed Pikel
  5064 | D:6      | Killed Pikel
  5067 | D:6      | Gained mutation: You are completely covered in razor-sharp
                  | scales. (AC +3, Slay +3) [demonic ancestry]
  5067 | D:6      | Reached XP level 9. HP: 43/72 MP: 9/9
  5369 | D:6      | Found Amod's Magic Scroll Boutique.
  5377 | D:6      | Bought a scroll of identify for 26 gold pieces
  5377 | D:6      | Bought a scroll of magic mapping for 97 gold pieces
  5377 | D:6      | Bought a scroll of enchant armour for 97 gold pieces
  5377 | D:6      | Bought a scroll of amnesia for 52 gold pieces
  5403 | D:6      | Gained mutation: You are covered in fur. (AC +1) [potion of
                  | mutation]
  5403 | D:6      | Gained mutation: You passively map a small area around you.
                  | [potion of mutation]
  5404 | D:6      | Lost mutation: You are covered in fur. (AC +1) [potion of
                  | mutation]
  5404 | D:6      | Lost mutation: You passively map a small area around you.
                  | [potion of mutation]
  5404 | D:6      | Gained mutation: You have a beak for a mouth. [potion of
                  | mutation]
  5404 | D:6      | Gained mutation: You are weak. (Str -2) [potion of
                  | mutation]
  5404 | D:6      | Gained mutation: You have supernaturally acute eyesight.
                  | (SInv) [potion of mutation]
  5404 | D:6      | Lost mutation: You are weak. (Str -2) [potion of mutation]
  5690 | D:7      | Noticed Menkaure
  5694 | D:7      | Killed Menkaure
  6097 | D:8      | Noticed Maurice
  6107 | D:8      | Killed Maurice
  6108 | D:8      | Reached skill level 5 in Evocations
  6158 | D:8      | Found a shimmering altar of Xom.
  6158 | D:8      | Found a shimmering blue altar of Sif Muna.
  6159 | D:8      | Noticed an unseen horror
  6168 | D:8      | Killed an unseen horror
  6246 | D:8      | Noticed a two-headed ogre
  6252 | D:8      | Killed a two-headed ogre
  6253 | D:8      | Reached skill level 7 in Long Blades
  6253 | D:8      | Gained mutation: A weak demonic guardian rushes to your
                  | aid. [demonic ancestry]
  6253 | D:8      | Reached XP level 10. HP: 80/80 MP: 10/10
  6385 | D:8      | Noticed Erica
  6392 | D:8      | Killed Erica
  6393 | D:8      | Reached skill level 8 in Long Blades
  6748 | D:8      | Noticed Amaemon
  6748 | D:8      | Noticed an orange demon
  6761 | D:8      | Killed Amaemon
  6762 | D:8      | Reached skill level 9 in Long Blades
  6767 | D:8      | Killed an orange demon
  7354 | D:9      | Found a staircase to the Orcish Mines.
  7360 | D:9      | Reached skill level 5 in Armour
  7697 | D:9      | Gained mutation: A demonic guardian rushes to your aid.
                  | [demonic ancestry]
  7697 | D:9      | Reached XP level 11. HP: 51/86 MP: 11/11
  7996 | D:9      | Identified the +7 dagger "Worm's Wrath" {pain, Fly rElec
                  | Stlth-}
  8377 | D:9      | Found a sacrificial altar of Ru.
  8471 | D:10     | Entered Level 10 of the Dungeon
  8536 | D:10     | Found a snail-covered altar of Cheibriados.
  8787 | D:10     | Found a burning altar of Makhleb.
  8797 | D:10     | Found a broken altar of Ashenzari.
  9194 | D:11     | Found a staircase to the Lair.
  9239 | D:11     | Found a gate leading to a gauntlet.
  9248 | Gauntlet | Entered a Gauntlet
  9248 | Gauntlet | Found a transporter.
  9387 | Gauntlet | Found a transporter.
  9390 | Gauntlet | Found a transporter.
  9391 | Gauntlet | Found a transporter.
  9400 | Gauntlet | Found a transporter.
  9402 | Gauntlet | Found a transporter.
  9403 | Gauntlet | Found a transporter.
  9412 | Gauntlet | Noticed a death drake
  9413 | Gauntlet | Found a transporter.
  9413 | Gauntlet | Found the ring of the Tortoise {AC+8}
  9415 | Gauntlet | Found a transporter.
  9416 | Gauntlet | Found a transporter.
  9419 | Gauntlet | Noticed a fire crab
  9424 | Gauntlet | Found a transporter.
  9427 | Gauntlet | Found a transporter.
  9428 | Gauntlet | Found a transporter.
  9434 | Gauntlet | Found a runed translucent gate.
  9434 | Gauntlet | Found a runed translucent gate.
  9434 | Gauntlet | Found a runed translucent gate.
  9436 | Gauntlet | Found a transporter.
  9602 | Gauntlet | Killed a death drake
  9603 | Gauntlet | HP: 3/86 [centaur warrior zombie (4)]
  9612 | Gauntlet | Reached skill level 1 in Shields
  9875 | Gauntlet | Killed a fire crab
  9883 | Gauntlet | Identified the ring "Syankoeth" {MP+9 Str+3 Dex+3}
 10110 | Gauntlet | Reached skill level 5 in Shields
 10120 | Gauntlet | Identified the +0 helmet "Sinkoc" {Drain rC++ Dex+6}
 10154 | Gauntlet | Identified the +1 chain mail "Bex Coxo" {Rampage +Blink
                  | Str+4 Slay-2}
 10154 | Gauntlet | Noticed a minotaur
 10169 | Gauntlet | Killed a minotaur
 10409 | D:11     | Reached XP level 12. HP: 67/92 MP: 12/12
 11070 | D:11     | Noticed a boulder beetle
 11097 | D:11     | Killed a boulder beetle
 12266 | D:11     | Noticed an ice dragon
 12266 | D:11     | Noticed a two-headed ogre
 12266 | D:11     | Noticed a two-headed ogre
 12266 | D:11     | Noticed a tengu warrior
 12266 | D:11     | Noticed a fire dragon
 12274 | D:11     | Killed a tengu warrior
 12277 | D:11     | Noticed an ogre mage
 12279 | D:11     | Noticed a boulder beetle
 12747 | D:11     | Killed a two-headed ogre
 12750 | D:11     | Noticed a boulder beetle
 12753 | D:11     | Killed an ogre mage
 12754 | D:11     | Reached skill level 10 in Shields
 12761 | D:11     | Reached skill level 10 in Long Blades
 12770 | D:11     | Killed a fire dragon
 12777 | D:11     | Killed a boulder beetle
 12790 | D:11     | Killed a two-headed ogre
 12791 | D:11     | Reached skill level 11 in Long Blades
 12791 | D:11     | Noticed an ogre mage
 12807 | D:11     | Killed an ogre mage
 12826 | D:11     | Killed a boulder beetle
 12827 | D:11     | Reached XP level 13. HP: 59/98 MP: 13/13
 13369 | D:11     | Bought the +9 plate armour "Waucounn" {Dex+3} for 1300 gold
                  | pieces
 13619 | D:12     | Reached skill level 12 in Long Blades
 14009 | D:12     | Noticed Nergalle
 14012 | D:12     | Noticed Azrael
 14017 | D:12     | Killed Nergalle
 14023 | D:12     | Killed Azrael
 14424 | D:12     | Reached skill level 13 in Long Blades
 14727 | Lair:1   | Entered Level 1 of the Lair of Beasts
 15073 | Lair:1   | Noticed Harold
 15079 | Lair:1   | Killed Harold
 15085 | Lair:1   | Lost mutation: You have supernaturally acute eyesight.
                  | (SInv) [potion of mutation]
 15085 | Lair:1   | Lost mutation: You have a beak for a mouth. [potion of
                  | mutation]
 15085 | Lair:1   | Gained mutation: You occasionally shout uncontrollably at
                  | your foes. [potion of mutation]
 15086 | Lair:1   | Lost mutation: You occasionally shout uncontrollably at
                  | your foes. [potion of mutation]
 15086 | Lair:1   | Gained mutation: You possess an exceptional clarity of
                  | mind. [potion of mutation]
 15086 | Lair:1   | Gained mutation: You have very sharp teeth. [potion of
                  | mutation]
 15086 | Lair:1   | Gained mutation: You have a pair of small horns on your
                  | head. [potion of mutation]
 15087 | Lair:1   | Lost mutation: You possess an exceptional clarity of mind.
                  | [potion of mutation]
 15087 | Lair:1   | Lost mutation: You have a pair of small horns on your head.
                  | [potion of mutation]
 15087 | Lair:1   | Gained mutation: Potions are less effective at restoring
                  | your health. [potion of mutation]
 15510 | Lair:1   | Noticed a fire dragon
 15528 | Lair:1   | Killed a fire dragon
 15957 | Lair:2   | Found a staircase to the Snake Pit.
 16420 | Lair:2   | Found a staircase to the Swamp.
 16666 | Lair:2   | Reached skill level 10 in Fighting
 17106 | Lair:3   | Noticed Urug
 17108 | Lair:3   | Noticed Kirke
 17126 | Lair:3   | Killed Urug
 17127 | Lair:3   | Reached XP level 14. HP: 61/111 MP: 14/14
 17137 | Lair:3   | Killed Kirke
 17560 | Lair:3   | Noticed Gastronok
 17576 | Lair:3   | Killed Gastronok
 17623 | Lair:3   | Noticed Sonja
 17627 | Lair:3   | Killed Sonja
 18268 | Lair:4   | Identified the ring "Yshrol" {rElec rN+ Str+2}
 18421 | Lair:4   | Slain by a cane toad

Illustrated notes

Levels and vault maps discovered:
D:1:      heliophobic_arrival_glass_houses, layout_basic
D:2:      layout_loops_ring, basic_altar
D:3:      layout_loops_ring, mainiacjoe_overflow_alcove_2, tso_metal_star,
          nicolae_vehumet_altar_sigil
D:4:      layout_basic, minmay_temple_entry_butterflies, serial_shops,
          nicolae_shop_waterfront, uniq_blork_the_orc
D:5:      layout_cave_pools, serial_shops, kennysheep_mini_moat
D:6:      layout_basic, serial_shops, nicolae_stop_n_shop_2, st_stairs_11,
          corexii_leaking_fountain, uniq_pikel
D:7:      layout_loops_cross, uniq_menkaure
D:8:      layout_gridville, chequers_temple_overflow_statue_of_worship,
          uniq_maurice, uniq_erica, uniq_amaemon
D:9:      layout_loops_ring, nicolae_ru_path_of_blood, david_orc_2
D:10:     nicolae_hitomezashi [nicolae_hito_row, nicolae_hito_row,
          nicolae_hito_row, nicolae_hito_row, nicolae_hito_row,
          nicolae_hito_row, nicolae_hito_row, nicolae_hito_row,
          nicolae_hito_row, nicolae_hito_row, nicolae_hito_row,
          nicolae_hito_row, nicolae_hito_row, nicolae_hito_row,
          nicolae_hito_row, nicolae_hito_row, nicolae_hito_row,
          nicolae_hito_row], layout_loops_ring, mainiacjoe_overflow_chevrons,
          mainiacjoe_overflow_catwalk_spiral
D:11:     nzn_winding_woodlands_large [nzn_winding_woodlands_5x5_cross,
          nzn_winding_woodlands_5x15_cabin, nzn_winding_woodlands_5x5_perimeter,
          nzn_winding_woodlands_center_triple_pond,
          nzn_winding_woodlands_15x15_killbox,
          nzn_winding_woodlands_center_diamonds,
          nzn_winding_woodlands_5x5_default,
          nzn_winding_woodlands_5x15_sawtooth,
          nzn_winding_woodlands_5x5_closed_star], layout_layer_cave,
          lair_entry_dummy, gauntlet_entry_generic
D:12:     layout_irregular_city, uniq_nergalle, uniq_azrael
Lair:1:   dragon1_lemuel, layout_misc_corridors, serial_bayou_lake_a,
          infiniplex_staircase_pool_2, grunt_megastairs_3, uniq_harold
Lair:2:   layout_small_grid, minmay_swamp_entry_worms,
          guppyfry_snake_entry_island
Lair:3:   layout_roguey, infiniplex_staircase_pool, uniq_kirke, uniq_urug,
          uniq_sonja, uniq_gastronok
Lair:4:   regret_index_wax_grids, layout_gridlike, slime_entry_1

Skill      XL: |  1  2  3  4  5  6  7  8  9 10 11 12 13 14 |
---------------+-------------------------------------------+-----
Stealth        | 1 2 |  2.0
Fighting       | 3 4 7 8 10 12 | 12.0
Armour         | 2 3 5 9 |  9.0
Long Blades    | 2 4 5 7 9 11 13 | 13.8
Necromancy     | 4 6 7 |  7.9
Evocations     | 6 |  6.0
Shields        | 6 10 | 10.0
Short Blades   | |  2.6
Throwing       | |  1.7
Dodging        | |  2.6

Action                     |  1- 3 |  4- 6 |  7- 9 | 10-12 | 13-15 || total
---------------------------+-------+-------+-------+-------+-------++-------
  Melee: Rapier            |    98 |    65 |       |       |       ||   163
         Punch             |     1 |     1 |     2 |     2 |       ||     6
         Flail             |       |    12 |       |       |       ||    12
         Long sword        |       |    24 |   128 |   482 |   481 ||  1115
         Tailslap          |       |     3 |    17 |    81 |    76 ||   177
         Peck              |       |       |     6 |   110 |    36 ||   152
         Bite              |       |       |       |       |    43 ||    43
  Throw: Throwing net      |       |       |     1 |     1 |       ||     2
 Invoke: Call Merchant     |       |       |       |     1 |       ||     1
  Evoke: Wand              |       |       |       |     3 |     3 ||     6
         Phial of floods   |       |       |       |       |     1 ||     1
    Use: Scroll            |     2 |     6 |     6 |     8 |     6 ||    28
         Potion            |     1 |     2 |     2 |     6 |     4 ||    15
   Stab: Sleeping          |     4 |     2 |     3 |       |       ||     9
         Distracted        |       |     1 |       |     1 |     3 ||     5
 Armour: Leather armour    |    26 |    47 |    49 |   180 |       ||   302
         Chain mail        |       |       |       |   134 |     4 ||   138
         Plate armour      |       |       |       |       |   421 ||   421
  Dodge: Dodged            |    58 |    63 |    77 |   191 |    75 ||   464
  Block: Kite shield       |       |       |       |   117 |       ||   117
         Tower shield      |       |       |       |   180 |   646 ||   826

Table legend: (Time is in decaauts)
 A = Elapsed time spent in this place.
 B = Non-inter-level travel time spent in this place.
 C = Inter-level travel time spent in this place.
 D = Time resting spent in this place.
 E = Time spent auto-exploring this place.
 F = Levels seen in this place.
 G = Mean time per level.
                   A        B        C        D        E       F      G
               +--------+--------+--------+--------+--------+-----+--------+
         Total |  18536 |  17960 |    576 |   3070 |  11886 |  17 | 1090.4 |
       Dungeon |  13837 |  13358 |    479 |   2344 |   8942 |  12 | 1153.1 |
          Lair |   3741 |   3645 |     96 |    183 |   2829 |   4 |  935.2 |
      Gauntlet |    957 |    957 |      0 |    543 |    115 |   1 |  957.0 |
               +--------+--------+--------+--------+--------+-----+--------+

Top non-repeatable levels by time:
    D:11: 3450 daAuts
     D:8: 1320 daAuts
    D:12: 1268 daAuts
  Lair:2: 1218 daAuts
  Lair:1: 1162 daAuts
     D:2: 1131 daAuts
     D:9: 1087 daAuts
     D:6: 995 daAuts
Gauntlet: 957 daAuts
     D:4: 922 daAuts
  Lair:3: 882 daAuts
     D:1: 840 daAuts
     D:7: 824 daAuts
     D:3: 760 daAuts
    D:10: 624 daAuts
